 Dungeon Crawl Stone Soup version 0.21-a0-578-gc6e9d75 (webtiles) character file.

154 tidbits the Quickloader (level 5, 40/40 HPs)
             Began as a Gnoll Wanderer on Dec 18, 2017.
             Quit the game on level 1 of the Dungeon.
             The game lasted 00:06:49 (707 turns).

tidbits the Quickloader (Gnoll Wanderer)             Turns: 707, Time: 00:06:50

Health: 40/40      AC: 10    Str: 13    XL:     5   Next: 36%
Magic:  7/7        EV:  9    Int: 16    God:
Gold:   135        SH:  0    Dex: 15    Spells: 6/6 levels left

rFire    . . .     SeeInvis .   b - +0 hand crossbow
rCold    . . .     Gourm    .   (no shield)
rNeg     . . .     Faith    .   B - +2 scale mail
rPois    .         Spirit   .   (no helmet)
rElec    .         Reflect  .   (no cloak)
rCorr    .         Harm     .   (no gloves)
MR       .....     Rnd*Tele +   (no boots)
Stlth    ..........             (no amulet)
HPRegen  0.13/turn              r - +1 ring of protection
MPRegen  0.10/turn              u - ring of teleportation (curse)

@: no status effects
A: distributed training, fangs 1, strong nose
a: no special abilities


You were on level 1 of the Dungeon.
You were not hungry.

You visited 1 branch of the dungeon, and saw 5 of its levels.

You collected 135 gold pieces.

Inventory:

Hand Weapons
 a - a +1 dagger of draining
   (You found it on level 1 of the Dungeon)
 b - a +0 hand crossbow (weapon)
Missiles
 c - 26 bolts (quivered)
 p - 31 stones
 t - 15 arrows
Armour
 n - a +0 ring mail
 B - a +2 scale mail (worn)
Jewellery
 r - a +1 ring of protection (left hand)
   (You found it on level 2 of the Dungeon)
 u - a cursed ring of teleportation (right hand)
   (You found it on level 2 of the Dungeon)
 w - a +3 ring of strength {unknown}
   (You found it on level 1 of the Dungeon)
Scrolls
 g - a scroll of amnesia {unknown}
 h - 2 scrolls of remove curse
 k - a scroll of teleportation {unknown}
 m - a scroll of identify {unknown}
 q - a scroll of immolation {unknown}
 v - a scroll of noise {unknown}
Potions
 d - 2 potions of curing
 e - 2 potions of degeneration {unknown}
 i - a potion of heal wounds {unknown}
 l - a potion of haste {unknown}
 o - 2 potions of magic {unknown}
 s - 2 potions of agility {unknown}
Books
 j - a book of Necromancy
   (You found it on level 3 of the Dungeon)

   Spells                             Type                      Level
   a - Pain                           Necromancy                   1
   b - Animate Skeleton               Necromancy                   1
   c - Vampiric Draining              Necromancy                   3
   d - Regeneration                   Charms/Necromancy            3
   e - Animate Dead                   Necromancy                   4
   f - Control Undead                 Necromancy                   4
Comestibles
 f - 6 rations


   Skills:
 + Level 2.9 Fighting
 + Level 1.4 Short Blades
 + Level 1.4 Long Blades
 + Level 1.4 Axes
 + Level 1.4 Maces & Flails
 + Level 1.4 Polearms
 + Level 1.4 Staves
 + Level 1.4 Slings
 + Level 1.4 Bows
 + Level 8.6 Crossbows
 + Level 2.9 Throwing
 + Level 6.7 Armour
 + Level 1.4 Dodging
 + Level 1.4 Stealth
 + Level 1.4 Shields
 + Level 1.4 Unarmed Combat
 + Level 1.4 Spellcasting
 + Level 1.1 Conjurations
 + Level 1.1 Hexes
 + Level 1.1 Charms
 + Level 1.1 Summonings
 + Level 1.1 Necromancy
 + Level 1.1 Translocations
 + Level 1.1 Transmutations
 + Level 1.1 Fire Magic
 + Level 1.1 Ice Magic
 + Level 1.1 Air Magic
 + Level 1.1 Earth Magic
 + Level 1.1 Poison Magic
 + Level 1.6 Invocations
 + Level 2.9 Evocations


You had 6 spell levels left.
You didn't know any spells.

Dungeon Overview and Level Annotations

Branches:
Dungeon (5/15)
 Temple: D:4-7

Altars:
Hepliaklqana
Kikubaaqudgha


Innate Abilities, Weirdness & Mutations

Your experience applies equally to all skills.
You have very sharp teeth.
Your uncanny sense of smell can sniff out nearby items.


Message History

The bat barely misses you. The bat closely misses you.
The bat hits you but does no damage. x2
Firing (i - inventory. (,) - cycle):
c - 29 bolts (quivered)
Press: ? - help, Shift-Dir - straight line, f - kobold
Aim: a kobold You shoot a bolt.
The bolt hits the bat.
The bat is severely wounded.
The bat hits you but does no damage. The bat barely misses you.
Firing (i - inventory. (,) - cycle):
c - 28 bolts (quivered)
Press: ? - help, Shift-Dir - straight line, f - hobgoblin, p - kobold
Aim: a hobgoblin, wielding a club You shoot a bolt.
The bolt hits the bat.
You kill the bat!
The kobold hits you.
Firing (i - inventory. (,) - cycle):
c - 27 bolts (quivered)
Press: ? - help, Shift-Dir - straight line, f/p - hobgoblin
Aim: a hobgoblin, wielding a club You shoot a bolt.
The bolt closely misses the kobold.
The bolt hits the hobgoblin.
The hobgoblin is moderately wounded.
The kobold barely misses you.
Firing (i - inventory. (,) - cycle):
c - 26 bolts (quivered)
Press: ? - help, Shift-Dir - straight line, f/p - hobgoblin
Aim: a hobgoblin, wielding a club (moderately wounded)
You shoot a bolt. The bolt hits the kobold!
You kill the kobold!
Firing (i - inventory. (,) - cycle):
c - 25 bolts (quivered)
Press: ? - help, Shift-Dir - straight line, f/p - hobgoblin
Aim: a hobgoblin, wielding a club (moderately wounded)
You shoot a bolt.
The bolt hits the hobgoblin but does no damage.
The hobgoblin is moderately wounded.
The hobgoblin hits you with a club.
Firing (i - inventory. (,) - cycle):
c - 24 bolts (quivered)
Press: ? - help, Shift-Dir - straight line, f/p - hobgoblin
Aim: a hobgoblin, wielding a club (moderately wounded)
You shoot a bolt.
The bolt hits the hobgoblin but does no damage.
The hobgoblin is moderately wounded.
The hobgoblin barely misses you.
Firing (i - inventory. (,) - cycle):
c - 23 bolts (quivered)
Press: ? - help, Shift-Dir - straight line, f/p - hobgoblin
Aim: a hobgoblin, wielding a club (moderately wounded)
You shoot a bolt. The bolt hits the hobgoblin.
The hobgoblin is heavily wounded.
The hobgoblin hits you but does no damage.
Firing (i - inventory. (,) - cycle):
c - 22 bolts (quivered)
Press: ? - help, Shift-Dir - straight line, f/p - hobgoblin
Aim: a hobgoblin, wielding a club (heavily wounded)
You shoot a bolt. The bolt hits the hobgoblin!
You kill the hobgoblin!
Items here: ( ) ††† a club; 4 bolts; a hobgoblin corpse; a kobold corpse; a bat corpse
c - 25 bolts (gained 4)
You see here a bolt.
c - 26 bolts (gained 1)
Press: ? - help, v - describe, . - travel, g - get item A bolt.
The floor.
You see here a robe.
Found 10 gold pieces.
Found a golden ring.
Found 10 gold pieces.
You see here 10 gold pieces.
You now have 122 gold pieces (gained 10).
Found a ration.
You see here 10 gold pieces.
You now have 132 gold pieces (gained 10).
Found a spear.
You see here a ration.
f - 6 rations (gained 1)
You see here a golden ring.
w - a golden ring
Found a white potion.
Found a whip.
You see here a white potion.
s - 2 white potions (gained 1)
A goblin comes into view.
The goblin moves out of view.
Firing (i - inventory. (,) - cycle):
c - 26 bolts (quivered)
Press: ? - help, Shift-Dir - straight line, f - goblin
Aim: a goblin You shoot a bolt.
The bolt closely misses the goblin.
The goblin hits you but does no damage.
Firing (i - inventory. (,) - cycle):
c - 25 bolts (quivered)
Press: ? - help, Shift-Dir - straight line, f/p - goblin
Aim: a goblin You shoot a bolt.
The bolt hits the goblin!
You kill the goblin!
You see here 2 bolts.
c - 26 bolts (gained 2)
You open the door.
There is an open door here.
Found 3 gold pieces.
You see here 3 gold pieces.
You now have 135 gold pieces (gained 3).
Okay, then.
Are you sure you want to abandon this character and quit the game? (Confirm with "yes".)

######.# #.#.#
##.......#
#......# #.#
#.......##
#.###### #.#
#..###### #.#
#.# #..######
#.# #.#
#.......## #.#
#.# ##.......#
#.# #.#
#######..#
###.########.#
##..####..#
#.........##@#
#<........#
#.........##.#∆
#........##
#.........##.#
##..######
#...).....##.#
####
###'########.#
#.########.#
#..........#
############


There were no monsters in sight!

Vanquished Creatures
  3 orc priests (D:3)
  Terence (D:3)
  3 worms
  A leopard gecko (D:3)
  2 orcs
  A ball python (D:2)
  2 bats (D:1)
  A giant cockroach (D:2)
  4 hobgoblins
  A quokka (D:3)
  A frilled lizard (D:4)
  7 goblins
  2 kobolds
  3 rats
32 creatures vanquished.

Notes
Turn   | Place    | Note
-------+----------+-------------------------------------------
     0 | D:1      | tidbits the Gnoll Wanderer began the quest for the Orb.
     0 | D:1      | tidbits set off with: a +2 scale mail, a +0 hand crossbow, 25 bolts, a potion of curing, a ration
     0 | D:1      | Reached XP level 1. HP: 17/17 MP: 2/2
   153 | D:2      | Reached XP level 2. HP: 21/23 MP: 3/3
   214 | D:2      | Found a hazy altar of Hepliaklqana.
   238 | D:2      | Found an ancient bone altar of Kikubaaqudgha.
   340 | D:3      | Reached XP level 3. HP: 28/28 MP: 4/4
   379 | D:5      | Entered Level 5 of the Dungeon
   450 | D:3      | Noticed Terence
   463 | D:3      | Reached skill level 1 in Short Blades
   463 | D:3      | Reached skill level 1 in Long Blades
   463 | D:3      | Reached skill level 1 in Axes
   463 | D:3      | Reached skill level 1 in Maces & Flails
   463 | D:3      | Reached skill level 1 in Polearms
   463 | D:3      | Reached skill level 1 in Staves
   463 | D:3      | Reached skill level 1 in Slings
   463 | D:3      | Reached skill level 1 in Bows
   463 | D:3      | Reached skill level 1 in Dodging
   463 | D:3      | Reached skill level 1 in Stealth
   463 | D:3      | Reached skill level 1 in Shields
   463 | D:3      | Reached skill level 1 in Unarmed Combat
   463 | D:3      | Reached skill level 1 in Spellcasting
   463 | D:3      | Reached skill level 1 in Invocations
   463 | D:3      | Reached XP level 4. HP: 14/34 MP: 4/6
   473 | D:3      | Killed Terence
   473 | D:3      | Reached skill level 1 in Conjurations
   473 | D:3      | Reached skill level 1 in Hexes
   473 | D:3      | Reached skill level 1 in Charms
   473 | D:3      | Reached skill level 1 in Summonings
   473 | D:3      | Reached skill level 1 in Necromancy
   473 | D:3      | Reached skill level 1 in Translocations
   473 | D:3      | Reached skill level 1 in Transmutations
   473 | D:3      | Reached skill level 1 in Fire Magic
   473 | D:3      | Reached skill level 1 in Ice Magic
   473 | D:3      | Reached skill level 1 in Air Magic
   473 | D:3      | Reached skill level 1 in Earth Magic
   473 | D:3      | Reached skill level 1 in Poison Magic
   473 | D:3      | Reached XP level 5. HP: 23/40 MP: 5/7
   707 | D:1      | Quit the game

Vault maps used:
D:1:      minmay_arrival_wavy_path
D:2:      grunt_temple_overflow_open, first_ration, kennysheep_decorative_pillar
D:3:      elyvilon_altar_5, uniq_terence
D:5:      basic_altar, uniq_duvessa

Skill      XL: |  1  2  3  4 |
---------------+-------------+-----
Short Blades   | 1 |  1.4
Long Blades    | 1 |  1.4
Axes           | 1 |  1.4
Maces & Flails | 1 |  1.4
Polearms       | 1 |  1.4
Staves         | 1 |  1.4
Slings         | 1 |  1.4
Bows           | 1 |  1.4
Dodging        | 1 |  1.4
Stealth        | 1 |  1.4
Shields        | 1 |  1.4
Unarmed Combat | 1 |  1.4
Spellcasting   | 1 |  1.4
Invocations    | 1 |  1.6
Conjurations   | 1 |  1.1
Hexes          | 1 |  1.1
Charms         | 1 |  1.1
Summonings     | 1 |  1.1
Necromancy     | 1 |  1.1
Translocations | 1 |  1.1
Transmutations | 1 |  1.1
Fire Magic     | 1 |  1.1
Ice Magic      | 1 |  1.1
Air Magic      | 1 |  1.1
Earth Magic    | 1 |  1.1
Poison Magic   | 1 |  1.1
Fighting       | |  2.9
Crossbows      | |  8.6
Throwing       | |  2.9
Armour         | |  6.7
Evocations     | |  2.9

Action                   |  1- 3 |  4- 6 || total
-------------------------+-------+-------++-------
 Fire: Hand crossbow     |    56 |    32 ||    88
  Use: Scroll            |       |     1 ||     1
       Potion            |       |     1 ||     1
Armor: Scale mail        |    15 |    12 ||    27
Dodge: Dodged            |    17 |    14 ||    31

Table legend:
 A = Spawn XP
 B = Non-spawn XP
 C = Spawn XP percentage of total XP
 D = Spawn monster count
 E = Non-spawn monster count
 F = Spawn count percentage of total count
 G = Total turns spent on level
                    A         B        C        D         E        F      G
               +---------+---------+-------+---------+---------+-------+---------
         Total |       0 |     221 |   0.0 |       0 |      32 |   0.0 |   707
               +---------+---------+-------+---------+---------+-------+---------
           D:1 |       0 |      15 |   0.0 |       0 |      10 |   0.0 |   238
           D:2 |       0 |      26 |   0.0 |       0 |      10 |   0.0 |   259
           D:3 |       0 |     176 |   0.0 |       0 |      10 |   0.0 |   147
           D:4 |       0 |       1 |   0.0 |       0 |       1 |   0.0 |    53
           D:5 |       0 |       3 |   0.0 |       0 |       1 |   0.0 |    10
               +---------+---------+-------+---------+---------+-------+---------

Table legend:
 A = Turns spent in this place as a percentage of turns spent in the entire game.
 B = Non-inter-level travel turns spent in this place as a percentage of non-inter-level travel turns spent in the entire game.
 C = Inter-level travel turns spent in this place as a percentage of turns spent in this place.
 D = Turns resting spent in this place as a percentage of non-inter-level travel turns spent in this place.
 E = Turns spent auto-exploring this place as a percentage of non-inter-level travel turns spent in this place.
 F = Non-inter-level travel turns spent in this place divided by the number of levels of this place that you've seen.
                   A       B       C       D       E      F
               +-------+-------+-------+-------+-------+----------------------
         Total | 100.0 | 100.0 |   0.0 |   0.0 |   0.0 | 141.4
       Dungeon | 100.0 | 100.0 |   0.0 |   0.0 |   0.0 | 141.4
               +-------+-------+-------+-------+-------+----------------------

Table legend:
 A = Kills in this place as a percentage of kills in entire the game.
 B = Kills by you in this place as a percentage of kills by you in the entire game.
 C = Kills by friends in this place as a percentage of kills by friends in the entire game.
 D = Other kills in this place as a percentage of other kills in the entire game.
 E = Experience gained in this place as a percentage of experience gained in the entire game.
 F = Experience gained in this place divided by the number of levels of this place that you have seen.
                   A       B       C       D       E      F
               +-------+-------+-------+-------+-------+----------------------
         Total | 100.0 | 100.0 |   N/A |   N/A | 100.0 |  44.2
       Dungeon | 100.0 | 100.0 |   N/A |   N/A | 100.0 |  44.2
               +-------+-------+-------+-------+-------+----------------------

Vault maps used:
D:1:      minmay_arrival_wavy_path
D:2:      grunt_temple_overflow_open, first_ration, kennysheep_decorative_pillar
D:3:      elyvilon_altar_5, uniq_terence
D:5:      basic_altar, uniq_duvessa
